General information
- name: BNet
- type: Ladder team game (AT/RT)
- host: Battle.net
- saver: HumanKingTomVIP
map: Cherryville
- players: 8
- length: 17:13
- speed: Fast
- version: 1.26 W3XP
- replay type: Public
» download(101 KB)
Players
team 1 (loser)

»
wefalltogether (
pink | 39 APM | 659 actions | 17:06)
4 Blood Mage
2 Flame Strike
1 Banish
1 Siphon Mana
» actions
| Assign group hotkey | 1 | |
| Build / train | 47 | |
| Enter build submenu | 20 | |
| Enter hero's abilities submenu | 4 | |
| Remove unit from queue | 2 | |
| Right click | 289 | |
| Select / deselect | 250 | |
| Use ability | 46 | |
659 total
» units
| Peasant | 11 | |
| Footman | 8 | |
| Priest | 1 | |
| Sorceress | 3 | |
| Siege Engine | 3 | |
26 total
» upgrades
| Gunpowder | 2 | |
| Sorceress Training | 2 | |
| Priest Training | 2 | |
| Barrage | 1 | |
| Plating | 1 | |
8 total
» buildings
| Altar of Kings | 1 | |
| Farm | 8 | |
| Barracks | 1 | |
| Lumber Mill | 1 | |
| Arcane Vault | 1 | |
| Keep | 1 | |
| Blacksmith | 1 | |
| Scout Tower | 4 | |
| Guard Tower | 3 | |
| Castle | 1 | |
| Arcane Sanctum | 2 | |
| Workshop | 1 | |
| Town Hall | 1 | |
26 total
» build order
00:08 Altar of Kings
00:13 Farm
01:05 Farm
01:12 Barracks
01:41 Farm
01:56 Lumber Mill
02:28 Farm
03:09 Arcane Vault
04:43 Farm
04:47 Keep
06:08 Blacksmith
06:16 Scout Tower
06:19 Scout Tower
06:20 Scout Tower
06:23 Scout Tower
07:11 Guard Tower
07:12 Castle
07:14 Guard Tower
07:26 Arcane Sanctum
07:36 Arcane Sanctum
07:46 Workshop
07:49 Guard Tower
10:06 Farm
11:47 Farm
12:24 Farm
13:50 Town Hall
rival13 (
orange | 41 APM | 710 actions | 17:10)
3 Keeper of the Grove
1 Force of Nature
1 Thorns Aura
1 Entangling Roots
» actions
| Assign group hotkey | 63 | |
| Basic commands | 6 | |
| Build / train | 70 | |
| Enter build submenu | 22 | |
| Enter hero's abilities submenu | 3 | |
| Right click | 257 | |
| Select / deselect | 227 | |
| Select group hotkey | 25 | |
| Use ability | 37 | |
710 total
» units
| Wisp | 30 | |
| Archer | 7 | |
| Huntress | 7 | |
| Glaive Thrower | 1 | |
| Hippogryph | 11 | |
56 total
» upgrades
| Strength of the Moon | 2 | |
| Moon Armor | 1 | |
| Improved Bows | 1 | |
| Marksmanship | 1 | |
5 total
» buildings
| Moon Well | 4 | |
| Altar of Elders | 1 | |
| Ancient of War | 1 | |
| Hunter's Hall | 1 | |
| Tree of Ages | 1 | |
| Ancient Protector | 4 | |
| Tree of Eternity | 1 | |
| Tree of Life | 3 | |
| Ancient of Wind | 1 | |
| Chimaera Roost | 3 | |
| Ancient of Wonders | 1 | |
21 total
» build order
00:17 Moon Well
00:23 Altar of Elders
00:35 Ancient of War
01:23 Moon Well
02:19 Hunter's Hall
03:19 Moon Well
04:31 Tree of Ages
05:20 Ancient Protector
05:44 Ancient Protector
07:03 Tree of Eternity
07:38 Tree of Life
07:59 Ancient of Wind
11:23 Tree of Life
11:40 Moon Well
12:00 Chimaera Roost
12:26 Chimaera Roost
12:56 Chimaera Roost
13:57 Ancient Protector
14:26 Ancient Protector
14:46 Ancient of Wonders
15:21 Tree of Life
» items
| Scroll of Town Portal | 1 | |
| Potion of Healing | 1 | |
2 total
Muscl3 (
purple | 23 APM | 358 actions | 15:21)
3 Tauren Chieftain
2 War Stomp
1 Endurance Aura
» actions
| Assign group hotkey | 4 | |
| Build / train | 35 | |
| Enter build submenu | 18 | |
| Enter hero's abilities submenu | 3 | |
| Give item / drop item | 1 | |
| Right click | 85 | |
| Select / deselect | 95 | |
| Select group hotkey | 71 | |
| Use ability | 46 | |
358 total
» units
| Peon | 8 | |
| Grunt | 4 | |
| Tauren | 5 | |
| Shaman | 1 | |
18 total
» upgrades
| Melee Weapons | 2 | |
| Armor | 1 | |
| Shaman Training | 2 | |
| Pulverize | 1 | |
6 total
» buildings
| Altar of Storms | 1 | |
| Orc Burrow | 5 | |
| Barracks | 1 | |
| War Mill | 1 | |
| Voodoo Lounge | 2 | |
| Stronghold | 1 | |
| Watch Tower | 4 | |
| Fortress | 1 | |
| Spirit Lodge | 1 | |
| Tauren Totem | 2 | |
19 total
» build order
00:05 Altar of Storms
00:09 Orc Burrow
00:48 Barracks
01:36 Orc Burrow
02:28 War Mill
03:01 Voodoo Lounge
04:05 Stronghold
04:59 Orc Burrow
06:27 Watch Tower
07:02 Fortress
07:14 Watch Tower
08:31 Spirit Lodge
08:46 Watch Tower
09:42 Tauren Totem
10:01 Voodoo Lounge
10:11 Tauren Totem
10:55 Orc Burrow
12:00 Orc Burrow
13:55 Watch Tower
» items
| Scroll of Speed | 3 | |
| Healing Salve | 1 | |
| Orb of Lightning | 1 | |
5 total

»
ruschinrocket (
green | 34 APM | 580 actions | 17:10)
5 Keeper of the Grove
3 Force of Nature
1 Thorns Aura
1 Entangling Roots
» actions
| Basic commands | 44 | |
| Build / train | 63 | |
| ESC pressed | 1 | |
| Enter build submenu | 19 | |
| Enter hero's abilities submenu | 5 | |
| Right click | 106 | |
| Select / deselect | 303 | |
| Use ability | 39 | |
580 total
» units
| Wisp | 32 | |
| Archer | 7 | |
| Dryad | 9 | |
| Druid of the Claw | 1 | |
49 total
» upgrades
| Strength of the Wild | 3 | |
| Abolish Magic | 1 | |
| Reinforced Hides | 1 | |
5 total
» buildings
| Moon Well | 8 | |
| Altar of Elders | 1 | |
| Ancient of War | 1 | |
| Tree of Ages | 1 | |
| Hunter's Hall | 1 | |
| Ancient of Wonders | 1 | |
| Tree of Life | 2 | |
| Ancient of Lore | 3 | |
| Ancient Protector | 2 | |
| Tree of Eternity | 1 | |
21 total
» build order
00:23 Moon Well
00:36 Altar of Elders
00:51 Ancient of War
01:20 Moon Well
02:15 Moon Well
03:14 Moon Well
04:10 Moon Well
05:10 Moon Well
05:37 Tree of Ages
06:02 Hunter's Hall
06:05 Ancient of Wonders
06:45 Tree of Life
08:49 Ancient of Lore
09:22 Ancient of Lore
09:25 Ancient of Lore
09:49 Tree of Life
10:16 Ancient Protector
10:21 Ancient Protector
13:14 Tree of Eternity
14:15 Moon Well
16:45 Moon Well
» items
team 2 (winner)
HumanKingTomVIP (
yellow | 67 APM | 1146 actions | 17:13)
7 Pandaren Brewmaster
3 Breath of Fire
3 Drunken Brawler
1 Drunken Haze
» actions
| Assign group hotkey | 76 | |
| Basic commands | 24 | |
| Build / train | 68 | |
| ESC pressed | 2 | |
| Enter build submenu | 34 | |
| Enter hero's abilities submenu | 7 | |
| Give item / drop item | 4 | |
| Right click | 382 | |
| Select / deselect | 202 | |
| Select group hotkey | 271 | |
| Use ability | 76 | |
1146 total
» units
| Peasant | 17 | |
| Footman | 10 | |
| Goblin Shredder | 1 | |
| Goblin Sapper | 1 | |
| Goblin Zeppelin | 1 | |
| Gryphon Rider | 5 | |
35 total
» upgrades
| Defend | 1 | |
| Swords | 3 | |
| Armor | 3 | |
| Storm Hammers | 1 | |
| Animal War Training | 1 | |
| Masonry | 2 | |
| Magic Sentry | 1 | |
| Sorceress Training | 1 | |
13 total
» buildings
| Barracks | 1 | |
| Farm | 10 | |
| Altar of Kings | 1 | |
| Town Hall | 2 | |
| Keep | 1 | |
| Blacksmith | 1 | |
| Castle | 1 | |
| Lumber Mill | 1 | |
| Gryphon Aviary | 3 | |
| Arcane Sanctum | 1 | |
| Scout Tower | 13 | |
| Arcane Tower | 1 | |
36 total
» build order
00:19 Barracks
00:29 Farm
01:01 Farm
01:06 Altar of Kings
01:34 Farm
02:14 Farm
02:56 Farm
05:02 Town Hall
05:07 Keep
05:39 Farm
07:25 Blacksmith
07:28 Castle
07:32 Lumber Mill
08:28 Gryphon Aviary
08:29 Gryphon Aviary
08:29 Gryphon Aviary
08:42 Farm
08:43 Farm
08:43 Farm
08:43 Farm
12:26 Arcane Sanctum
12:55 Town Hall
14:13 Scout Tower
14:13 Scout Tower
14:13 Scout Tower
15:12 Arcane Tower
15:37 Scout Tower
15:38 Scout Tower
15:38 Scout Tower
15:38 Scout Tower
15:39 Scout Tower
15:57 Scout Tower
15:57 Scout Tower
15:57 Scout Tower
15:58 Scout Tower
15:58 Scout Tower
» items
| Boots of Speed | 1 | |
| Staff of Teleportation | 1 | |
| Lesser Clarity Potion | 2 | |
| Orb of Lightning | 1 | |
| Healing Salve | 1 | |
6 total
Brex319 (
red | 43 APM | 743 actions | 17:11)
5 Goblin Tinker
3 Pocket Factory
2 Engineering Upgrade
» actions
| Assign group hotkey | 38 | |
| Basic commands | 38 | |
| Build / train | 50 | |
| ESC pressed | 6 | |
| Enter build submenu | 14 | |
| Enter hero's abilities submenu | 5 | |
| Right click | 120 | |
| Select / deselect | 257 | |
| Select group hotkey | 182 | |
| Use ability | 32 | |
743 total
» units
| Acolyte | 7 | |
| Ghoul | 12 | |
| Necromancer | 9 | |
| Abomination | 2 | |
30 total
» upgrades
| Unholy Strength | 3 | |
| Necromancer Training | 2 | |
| Skeletal Longevity | 1 | |
| Unholy Armor | 3 | |
| Skeletal Mastery | 1 | |
10 total
» buildings
| Altar of Darkness | 1 | |
| Crypt | 1 | |
| Ziggurat | 6 | |
| Graveyard | 1 | |
| Nerubian Tower | 2 | |
| Halls of the Dead | 1 | |
| Temple of the Damned | 2 | |
| Black Citadel | 1 | |
| Slaughterhouse | 1 | |
16 total
» build order
00:18 Altar of Darkness
00:20 Crypt
00:26 Ziggurat
01:09 Graveyard
01:42 Nerubian Tower
02:24 Ziggurat
03:27 Halls of the Dead
04:10 Ziggurat
05:27 Ziggurat
06:07 Temple of the Damned
06:09 Temple of the Damned
08:03 Ziggurat
08:53 Ziggurat
08:59 Black Citadel
11:42 Nerubian Tower
14:16 Slaughterhouse
GoldMineRapist (
teal | 30 APM | 523 actions | 17:11)
5 Blademaster
3 Wind Walk
2 Critical Strike
» actions
| Assign group hotkey | 7 | |
| Build / train | 39 | |
| Enter build submenu | 16 | |
| Enter hero's abilities submenu | 5 | |
| Give item / drop item | 2 | |
| Right click | 312 | |
| Select / deselect | 83 | |
| Select group hotkey | 1 | |
| Use ability | 58 | |
523 total
» units
» upgrades
| Spiked Barricades | 2 | |
| Reinforced Defenses | 1 | |
3 total
» buildings
| Orc Burrow | 4 | |
| Altar of Storms | 1 | |
| Voodoo Lounge | 1 | |
| War Mill | 1 | |
| Stronghold | 1 | |
| Watch Tower | 14 | |
| Fortress | 3 | |
25 total
» build order
00:51 Orc Burrow
00:54 Altar of Storms
01:36 Voodoo Lounge
03:06 War Mill
03:57 Orc Burrow
04:57 Stronghold
05:05 Watch Tower
05:08 Watch Tower
05:12 Watch Tower
05:16 Watch Tower
07:18 Fortress
07:18 Fortress
09:38 Watch Tower
09:39 Watch Tower
09:40 Watch Tower
09:45 Watch Tower
09:47 Watch Tower
10:42 Orc Burrow
11:41 Orc Burrow
14:27 Watch Tower
14:28 Watch Tower
14:29 Watch Tower
14:30 Watch Tower
14:33 Watch Tower
» items
| Healing Salve | 2 | |
| Lesser Clarity Potion | 3 | |
| Scroll of Speed | 1 | |
| Periapt of Vitality | 3 | |
| Boots of Speed | 1 | |
| Potion of Lesser Invulnerability | 3 | |
| Orb of Lightning | 1 | |
| Potion of Healing | 1 | |
| Potion of Mana | 1 | |
16 total

»
Eru_09 (
blue | 23 APM | 402 actions | 17:11)
5 Shadow Hunter
3 Serpent Ward
2 Healing Wave
» actions
| Assign group hotkey | 13 | |
| Build / train | 48 | |
| Enter build submenu | 18 | |
| Enter hero's abilities submenu | 5 | |
| Right click | 105 | |
| Select / deselect | 148 | |
| Select group hotkey | 15 | |
| Use ability | 50 | |
402 total
» units
| Peon | 10 | |
| Grunt | 8 | |
| Shaman | 3 | |
| Troll Witch Doctor | 2 | |
| Tauren | 2 | |
25 total
» upgrades
| Melee Weapons | 2 | |
| Armor | 2 | |
| Berserker Strength | 1 | |
| Shaman Training | 2 | |
| Witch Doctor Training | 2 | |
| Pulverize | 1 | |
| Pillage | 1 | |
11 total
» buildings
| Altar of Storms | 1 | |
| Orc Burrow | 7 | |
| War Mill | 1 | |
| Barracks | 1 | |
| Voodoo Lounge | 1 | |
| Stronghold | 1 | |
| Fortress | 1 | |
| Spirit Lodge | 3 | |
| Tauren Totem | 1 | |
| Great Hall | 2 | |
19 total
» build order
00:24 Altar of Storms
00:41 Orc Burrow
00:55 War Mill
01:10 Barracks
02:11 Orc Burrow
02:30 Voodoo Lounge
03:07 Orc Burrow
03:42 Orc Burrow
04:43 Stronghold
05:09 Orc Burrow
07:43 Fortress
07:50 Spirit Lodge
07:58 Spirit Lodge
09:19 Orc Burrow
09:31 Orc Burrow
11:48 Tauren Totem
12:39 Great Hall
12:49 Great Hall
17:08 Spirit Lodge
» items
| Healing Salve | 1 | |
| Lesser Clarity Potion | 2 | |
| Orb of Lightning | 1 | |
4 total
Chat log
(00:31 / Allies) Brex319: hey team
(00:32 / Allies) Brex319: units?
(00:37 / Allies) HumanKingTomVIP: shit
(00:55 / Allies) HumanKingTomVIP: its the "teamwork" guy
(00:57 / Allies) HumanKingTomVIP: rofl
(01:06 / Allies) Brex319: ?
(01:34 / Allies) Brex319: so if no1 gets aa...then wut?
(02:52 / Allies) Brex319: well im gettin necs/aboms
(03:20 / Allies) Brex319: good luck with the whole 'on my own' thing yellow
(03:45 / Allies) HumanKingTomVIP: yesterday u got raped all game
(03:48 / Allies) HumanKingTomVIP: and i carried the team to a win
(03:54 / Allies) HumanKingTomVIP: then at the end u brought your shitty units in behind mine
(03:56 / Allies) HumanKingTomVIP: and said "teamwork"
(04:01 / Allies) HumanKingTomVIP: i laughed out loud
(04:15 / Allies) HumanKingTomVIP: it might not have been on this name
(04:41 / Allies) Brex319: u was @ 'friends' gettin ur base destroyed?
(04:52 / Allies) Brex319: or was that some1 else?
(04:59 / Allies) HumanKingTomVIP: i think i put the replay up on highper.ch
(05:14 / Allies) Brex319: never heard of it
(05:21 / Allies) HumanKingTomVIP: u were the one with hunts and bears
(05:27 / Allies) HumanKingTomVIP: getting dumped on by fiends
(05:32 / Allies) HumanKingTomVIP: and begging for help all game
(05:40 / Allies) Brex319: not me
(05:46 / Allies) Brex319: i dont do hunts/bears
(06:31 / Allies) Brex319: if ur da one im thinkin of, then you got ur shit pushed in, lost, then tried to tell me how to play
(06:43 / Allies) HumanKingTomVIP: that definitely never happened
(06:49 / Allies) Brex319: wrong person then
(06:49 / Allies) HumanKingTomVIP: nto with me and probably not with anyone else
(07:05 / Allies) Brex319: u da one yellin about faeries???
(08:01 / Allies) GoldMineRapist: scout
(09:49 / Allies) Brex319: r we attkin together or are we all doin everything on our own?
(10:00 / Allies) HumanKingTomVIP: i already attacked
(10:02 / Allies) HumanKingTomVIP: i killed an expo
(10:05 / Allies) Eru_09: teal has nothing
(10:11 / Allies) Eru_09: only 3k gold
(10:20 / Allies) HumanKingTomVIP: look at his username
(11:07 / Allies) HumanKingTomVIP: hes level 2 rofl
(11:11 / Allies) HumanKingTomVIP: i dont mind having a bm only ally
(11:14 / Allies) HumanKingTomVIP: but it sucks when theyre a noob
(12:16 / Allies) HumanKingTomVIP: enemy has way more expos than us
(12:42 / Allies) Brex319: lets coordinate some kinda attk then
(12:49 / Allies) Brex319: ur da smart 1 right?
(13:06 / Allies) HumanKingTomVIP: nah i am gonna have to hit andrun all game
(13:09 / Allies) HumanKingTomVIP: cant 2v4
(13:26 / Allies) HumanKingTomVIP: rofl
(13:32 / Allies) HumanKingTomVIP: u close to level 3 yet turd?
(13:39 / Allies) Brex319: blu, u tryna attk?
(13:41 / Allies) HumanKingTomVIP: ur a shitty imitation of all the bm only players before you
(15:00 / Allies) HumanKingTomVIP: the orc is out of the game
(15:02 / Allies) HumanKingTomVIP: he cant rebuild i mean
(15:04 / Allies) HumanKingTomVIP: no main or peons
(16:04 / Allies) Eru_09: im out
(16:39 / Allies) Brex319: we gotta hit again soon blu
(16:48 / Allies) Eru_09: in a min
(16:50 / Allies) Brex319: k
(16:58 / Allies) Eru_09: k
(16:59 / Allies) Eru_09: ready
(17:10 / Allies) HumanKingTomVIP: u got carried again